 Dungeon Crawl Stone Soup version 0.25-a0-1133-g93ebf739aa (webtiles) character file.

Game seed: 16305799913921459113, levelgen mode: deterministic

907 Flugslaktarn the Chopper (level 7, -1/66 HPs)
             Began as a Deep Dwarf Fighter on May 20, 2020.
             Slain by an orc warrior
             ... wielding a +0 glaive
              (16 damage)
             ... on level 6 of the Dungeon.
             The game lasted 00:01:28 (2158 turns).

Flugslaktarn the Chopper (Deep Dwarf Fighter)       Turns: 2158, Time: 00:01:28

Health: -1/66      AC:  9    Str: 22      XL:     7   Next: 81%
Magic:  4/4        EV:  7    Int:  8      God:
Gold:   54         SH:  9    Dex:  3 (12) Spells: 6/6 levels left

rFire    . . .     SeeInvis .   a - +0 war axe
rCold    . . .     Gourm    .   c - +0 kite shield
rNeg     . . .     Faith    .   b - +0 scale mail
rPois    .         Spirit   .   s - +1 helmet
rElec    .         Reflect  .   (no cloak)
rCorr    .         Harm     .   (no gloves)
MR       +....                  (no boots)
Stlth    ..........             (no amulet)
HPRegen  0.00/turn              (no ring)
MPRegen  0.09/turn              (no ring)

@: mighty, non-regenerating
A: damage resistance, heal wounds, sense surroundings 1, no regeneration
a: Heal Wounds


You were on level 6 of the Dungeon.
You were not hungry.

You visited 1 branch of the dungeon, and saw 6 of its levels.

You collected 54 gold pieces.

Inventory:

Hand Weapons
 a - a +0 war axe (weapon)
Armour
 b - a +0 scale mail (worn)
 c - a +0 kite shield (worn)
 s - a +1 helmet (worn)
   (You took it off Robin on level 4 of the Dungeon)
Jewellery
 g - an uncursed ring of fire
   (You found it on level 1 of the Dungeon)
 r - a +6 ring of strength {unknown}
   (You found it on level 4 of the Dungeon)
Scrolls
 f - 2 scrolls of enchant weapon {unknown}
 i - 3 scrolls of fear {unknown}
 j - a scroll of identify {unknown}
 k - a scroll of amnesia {unknown}
 m - 3 scrolls of teleportation {unknown}
 u - a scroll of immolation {unknown}
Potions
 d - 4 potions of might
 l - 2 potions of degeneration {unknown}
 n - a potion of curing {unknown}
 o - a potion of haste {unknown}
 p - 2 potions of berserk rage {unknown}
 q - 2 potions of cancellation {unknown}
 t - a potion of heal wounds {unknown}
Comestibles
 e - 6 rations


   Skills:
 + Level 4.5 Fighting
 * Level 6.5 Axes
 + Level 5.3 Armour
 + Level 5.4 Shields


You had 6 spell levels left.
You didn't know any spells.
Your spell library was empty.

Dungeon Overview and Level Annotations

Branches:
Dungeon (6/15)
 Temple: D:4-7

Altars:
Fedhas

Annotations:
D:5 2 transporters, Flugslaktarn's ghost, amateur GrFi


Innate Abilities, Weirdness & Mutations

You are resistant to damage.
You can heal yourself by infusing magical energy.
You passively map a small area around you.
You do not regenerate.


Message History

You are too injured to fight recklessly!
You are too injured to fight recklessly!
You feel much better. You block the ogre's attack.
You block the orc's attack. x2
The orc warrior hits you from afar with a +0 glaive!!
* * * LOW HITPOINT WARNING * * *
You feel much better. You block the orc's attack. The ogre barely misses you.
The orc hits you from afar with a +0 trident.
The orc hits you but does no damage. The orc hits you but does no damage.
There is a stone staircase leading up here.
You aren't carrying any items that you can evoke.
Unknown command.
You feel very mighty all of a sudden. The orc hits you.
Your shield and scale mail prevent you from hitting the orc.
You slash the ogre! The orc barely misses you.
The ogre hits you with a +0 giant club!!
* * * LOW HITPOINT WARNING * * *
The orc warrior hits you from afar with a +0 glaive!!
You die...

##......#....
* ,
#............
###......#.#.#
*
#.............
#.....<..#.##
#.....o....#
##..##o..#.+ ,
, ####.oOo..#
* #.@..#.#
#....#.....,
#.....#.#.# *
##...>.....,
.........# ,
*#.......... *
...........
.....###....
,,


You could see an orc warrior, an ogre and 3 orcs.

Vanquished Creatures
  Grinder (D:5)
  A sky beast (D:5)
  A centaur (D:5)
  An ogre (D:5)
  A scorpion (D:4)
  A quasit (D:5)
  3 hounds (D:4)
  A jelly (D:5)
  4 iguanas
  Robin (D:4)
  4 gnolls (D:5)
  5 adders
  A howler monkey skeleton (D:4)
  A worm (D:4)
  A leopard gecko (D:4)
  17 orcs
  A ball python (D:5)
  3 bats (D:1)
  2 giant cockroaches
  11 goblins
  2 hobgoblins
  4 jackals (D:2)
  3 quokkas
  A ball python skeleton (D:4)
  3 kobolds (D:1)
  A leopard gecko skeleton (D:4)
  2 rats
77 creatures vanquished.

Notes
Turn   | Place    | Note
-------+----------+-------------------------------------------
     0 | D:1      | Flugslaktarn the Deep Dwarf Fighter began the quest for the
                  | Orb.
     0 | D:1      | Reached XP level 1. HP: 20/20 MP: 1/1
   227 | D:1      | Reached XP level 2. HP: 22/27 MP: 2/2
   430 | D:2      | Reached skill level 3 in Axes
   500 | D:3      | Reached XP level 3. HP: 23/33 MP: 3/3
   598 | D:4      | Reached XP level 4. HP: 40/42 MP: 3/3
   631 | D:4      | Found a blossoming altar of Fedhas.
   686 | D:4      | Reached skill level 4 in Axes
   727 | D:4      | Noticed Robin
   732 | D:4      | Reached XP level 5. HP: 49/49 MP: 3/3
   745 | D:4      | Killed Robin
   870 | D:4      | Reached XP level 6. HP: 49/56 MP: 4/4
  1194 | D:5      | Entered Level 5 of the Dungeon
  1198 | D:5      | Noticed Grinder
  1201 | D:5      | Reached skill level 5 in Axes
  1225 | D:5      | Killed Grinder
  1225 | D:5      | Reached XP level 7. HP: 36/64 MP: 5/5
  1282 | D:5      | Reached skill level 5 in Shields
  1372 | D:5      | Reached skill level 5 in Armour
  1403 | D:5      | Reached skill level 6 in Axes
  1422 | D:5      | Found a transporter.
  1424 | D:5      | Noticed Flugslaktarn's ghost (amateur GrFi)
  1504 | D:5      | Identified the +12 dire flail "Killer Klown's Bane" {venom,
                  | rC+ SInv}
  1549 | D:5      | Found a transporter.
  2158 | D:6      | Slain by an orc warrior

Illustrated notes

Levels and vault maps discovered:
D:1:      dpeg_arrival_rooms_b, layout_loops_corners
D:2:      layout_loops_ring, nemelex_xobeh_ov_fountains_minmay, serial_rivers,
          chequers_serial_rivers_micro_d, chequers_serial_rivers_micro_b,
          chequers_serial_rivers_micro_d, chequers_serial_rivers_large_a,
          chequers_serial_rivers_room_b
D:3:      layout_loops_ring, uniq_crazy_yiuf_cottage, uniq_terence
D:4:      layout_basic, first_ration, minmay_misc_feat_hallway,
          grunt_ministairs_13, fedhas_altar_1, uniq_robin
D:5:      layout_basic, gammafunk_ghost_smash, uniq_grinder
D:6:      layout_cave_pools, lemuel_doored_altar,
          gammafunk_temple_overflow_wave, serial_shops, shop, shop_fountains,
          shop, minmay_misc_feat_doors

Skill      XL: |  1  2  3  4  5  6  7 |
---------------+----------------------+-----
Axes           | 3 4 5 6 |  6.5
Fighting       | 3 4 |  4.5
Armour         | 4 5 |  5.3
Shields        | 4 5 |  5.4

Action                   |  1- 3 |  4- 6 |  7- 9 || total
-------------------------+-------+-------+-------++-------
Melee: War axe           |    74 |   116 |   147 ||   337
 Abil: Heal Wounds       |     1 |     3 |    10 ||    14
  Use: Potion            |       |       |     1 ||     1
  Eat: Chunk             |       |     2 |     3 ||     5
Armor: Scale mail        |    39 |    57 |   129 ||   225
Dodge: Dodged            |    39 |    44 |    80 ||   163
Block: Kite shield       |    55 |    62 |   140 ||   257

Table legend:
 A = Non-vault XP
 B = Vault XP
 C = Vault XP percentage of total XP
 D = Non-vault monster count
 E = Vault monster count
 F = Vault count percentage of total count
                 A         B        C        D         E       F
            +---------+---------+-------+---------+---------+-------
      Total |    1022 |     274 |  21.1 |      65 |      12 |  15.6
            +---------+---------+-------+---------+---------+-------
        D:1 |      17 |       0 |   0.0 |      10 |       0 |   0.0
        D:2 |      21 |       0 |   0.0 |       5 |       0 |   0.0
        D:3 |       3 |       0 |   0.0 |       2 |       0 |   0.0
        D:4 |     352 |      34 |   8.8 |      20 |      11 |  35.5
        D:5 |     629 |     240 |  27.6 |      28 |       1 |   3.4
            +---------+---------+-------+---------+---------+-------
